 Dungeon Crawl Stone Soup version 0.25.1-8-g42b30a86e7 (webtiles) character file.

Game seed: 4002531017547798147

16086 hawla the Fighter (level 12, -11/117 HPs)
             Began as a Yellow Draconian Conjurer on Dec 14, 2020.
             Was an Elder of Vehumet.
             Mangled by Kirke (14 damage)
             ... on level 12 of the Dungeon.
             The game lasted 01:01:51 (17380 turns).

hawla the Fighter (Yellow Draconian Conjurer)      Turns: 17380, Time: 01:01:53

Health: -11/117    AC:  0    Str: 13    XL:     12   Next: 7%
Magic:  23/26      EV: 17    Int: 20    God:    Vehumet [****..]
Gold:   872        SH:  0    Dex: 12    Spells: 22/32 levels left

rFire    + . .     SeeInvis .   (weapon currently unavailable)
rCold    + . .     Gourm    .   (shield currently unavailable)
rNeg     . . .     Faith    .   (armour unavailable)
rPois    +         Spirit   .   (helmet currently unavailable)
rElec    +         Reflect  .   (cloak currently unavailable)
rCorr    +         Harm     .   (gloves currently unavailable)
MR       .....                  (boots currently unavailable)
Stlth    ++........             B - amulet of magic regeneration
HPRegen  0.29/turn              (ring currently unavailable)
MPRegen  0.45/turn              (ring currently unavailable)

@: pig-form, resistant, very quick
A: small, (spit acid), unfitting armour, strong 1, AC +8
a: Renounce Religion


You were on level 12 of the Dungeon.
You worshipped Vehumet.
Vehumet was greatly pleased with you.
You were not hungry.
You were a filthy swine.
You visited 2 branches of the dungeon, and saw 13 of its levels.
You also visited: Bailey.

You collected 872 gold pieces.

Inventory:

Hand Weapons
 E - a +4 quarterstaff
 H - the +8 whip "Snakebite" (melded) {curare, rPois}
   (You found it on level 8 of the Dungeon)

   It poisons the flesh of those it strikes.
   It protects you from poison.
 L - a +4 scimitar of flaming
Missiles
 i - 38 poisoned darts (quivered)
 r - 8 boomerangs
 v - 3 atropa-tipped darts
Armour
 j - a +1 cloak (melded)
 m - the +0 pair of boots "Taown" (melded) {rC+ MR+ Int+4}
   (You acquired it on level 9 of the Dungeon)

   It affects your intelligence (+4).
   It protects you from cold.
   It affects your resistance to hostile enchantments.
 G - a +0 pair of gloves (melded)
Jewellery
 f - a ring of stealth (melded)
 k - an uncursed ring of protection from magic
 o - a +4 ring of protection (melded)
 B - an amulet of magic regeneration (around neck)
 J - an uncursed ring of protection from cold
Wands
 t - a wand of clouds (6)
 y - a wand of acid (13)
 z - a wand of flame (28)
 I - a wand of iceblast (6)
Scrolls
 l - 2 scrolls of magic mapping
 q - a scroll of remove curse
 D - 2 scrolls of enchant weapon
 F - a scroll of fog
Potions
 a - a potion of invisibility
 d - 2 potions of brilliance
 e - a potion of might
 g - 4 potions of curing
 h - a potion of resistance
 n - a potion of mutation
 p - a potion of berserk rage
 s - a potion of stabbing
 u - a potion of flight
 w - a potion of cancellation
 x - 2 potions of haste {unknown}
 A - a potion of lignification {unknown}
 K - a potion of ambrosia
Comestibles
 b - 22 rations
 C - 6 chunks of flesh


   Skills:
 - Level 14.0 Fighting
 - Level 2.1(3.0) Maces & Flails
 - Level 3.0(3.4) Staves
 - Level 2.0 Throwing
 - Level 6.0 Dodging
 - Level 2.0 Stealth
 + Level 10.6 Spellcasting
 - Level 8.9 Conjurations
 - Level 1.2 Charms
 - Level 5.3 Translocations
 - Level 1.0 Ice Magic
 - Level 2.0 Evocations


You had 22 spell levels left.
You knew the following spells:

 Your Spells              Type           Power        Failure   Level  Hunger
a - Magic Dart            Conj           ####         1%          1    None
b - Searing Ray           Conj           #####.       1%          2    None
c - Iskenderun's Mystic   Conj/Tloc      #####...     1%          4    ##.....
d - Shroud of Golubria    Chrm/Tloc      ###...       2%          2    None
e - Freeze                Ice            ##..         1%          1    None

Your spell library contained the following spells:

 Spells                   Type           Power        Failure   Level  Hunger
 Ignite Poison            Fire/Tmut/Pois ##......     5%          3    None
 Apportation              Tloc           ####..       1%          1    None
 Dazzling Flash           Conj/Hex       ####..       1%          3    None
 Fulminant Prism          Conj/Hex       ####......   3%          4    ##.....
 Infusion                 Chrm           ###.         4%          1    None
 Song of Slaying          Chrm           ###.....     6%          2    None
 Animate Skeleton         Necr           N/A          7%          1    None
 Corona                   Hex            ##.....      7%          1    None
 Summon Small Mammal      Summ           ##..         7%          1    None
 Ozocubu's Armour         Chrm/Ice       ###.....     12%         3    None
 Spectral Weapon          Hex/Chrm       ##......     16%         3    None


Dungeon Overview and Level Annotations

Branches:
Dungeon (12/15)            Temple (1/1) D:6             Orc (0/2) D:11
 Bailey (visited)
   Lair: D:8-11

Altars:
Ashenzari
Cheibriados
Dithmenos
Elyvilon
Fedhas
Gozag
Hepliaklqana
Kikubaaqudgha
Makhleb
Nemelex Xobeh
Okawaru
Qazlal
Ru
Sif Muna
Trog
Uskayaw
Vehumet
Wu Jian
Xom
Yredelemnul
Zin
The Shining One

Shops:
D:6 %

Annotations:
D:12 Kirke


Innate Abilities, Weirdness & Mutations

((You can spit globs of acid.))
((Your golden yellow scales are hard. (AC +8)))
You cannot fit into any form of body armour.
((You are cold-blooded and may be slowed by cold attacks.))
((You are resistant to acid. (rCorr)))
((Your tail ends in a poisonous barb.))
((Your flesh is cold resistant. (rC+)))
Your muscles are strong. (Str +2)


Message History

* * * LOW HITPOINT WARNING * * *
You feel much better. The hog bites you!
* * * LOW HITPOINT WARNING * * *
The hog barely misses you. Kirke hits you!
* * * LOW HITPOINT WARNING * * *
The hog completely misses you.
You barely miss Kirke.
Kirke is heavily wounded.
The hog completely misses you. The hog barely misses you.
Kirke barely misses you.
You feel better. The hog completely misses you. The hog misses you.
Kirke hits you.
* * * LOW HITPOINT WARNING * * *
You feel protected. The hog bites you!
* * * LOW HITPOINT WARNING * * *
The hog bites you.
* * * LOW HITPOINT WARNING * * *
Kirke hits you!
You die...

#...#
+...#
#...# .
#...# ..
#####
...######
.^....Hh#
.....hoh#
....Hhhh#
#@h# ####


You could see Kirke (poisoned, corroded), 2 harpies, 5 hogs, a black bear and an
orc.

Vanquished Creatures
  A stone giant (D:11)
  Erolcha (D:10)
  Erica (D:11)
  4 two-headed ogres
  Pikel (D:7)
  An ugly thing (D:11)
  A cyclops (D:11)
  Maurice (D:10)
  Psyche (D:8)
  2 gargoyles
  3 trolls
  2 hippogriffs
  A shadow (D:11)
  A spriggan (D:7)
  A wyvern (D:12)
  A hog (D:12)
  4 vampire mosquitoes (D:10)
  2 hungry ghosts (D:11)
  Grum (D:11)
  Menkaure (D:7)
  A black bear (D:9)
  An ice beast (D:7)
  3 sky beasts
  10 orc warriors
  6 ogres
  5 centaurs
  3 wolves (D:11)
  A phantom (D:6)
  A crocodile (D:11)
  A big kobold (D:10)
  Blork the orc (D:6)
  12 bullfrogs
  A wyvern zombie (D:8)
  A gnoll sergeant (D:10)
  A water moccasin zombie (D:9)
  A wyvern skeleton (D:10)
  2 water moccasin skeletons (D:7)
  6 killer bees
  A wight (D:10)
  3 howler monkeys
  5 crimson imps
  A bullfrog zombie (D:6)
  2 centaur zombies
  5 hounds
  A bullfrog skeleton (D:4)
  2 jellies
  7 orc wizards
  4 orc priests
  Jessica (D:2)
  3 centaur skeletons
  3 iguanas
  Ijyb (D:5)
  Terence (D:3)
  9 worker ants
  3 hound zombies
  4 hound skeletons
  Robin (D:4)
  8 gnolls
  13 adders
  A shadow imp (D:6)
  4 adder skeletons
  3 adder zombies
  5 worms
  3 dart slugs
  2 leopard geckos
  66 orcs
  A ball python (D:5)
  3 bats (D:2)
  4 giant cockroaches
  21 goblins
  9 hobgoblins
  17 jackals
  2 quokkas (D:5)
  6 frilled lizards
  A jackal skeleton (D:5)
  A jackal zombie (D:5)
  5 kobolds
  A leopard gecko skeleton (D:7)
  A leopard gecko zombie (D:9)
  A quokka skeleton (D:2)
  9 rats
332 creatures vanquished.

Vanquished Creatures (collateral kills)
  2 orc warriors (Bailey)
  4 orcs (Bailey)
6 creatures vanquished.

Vanquished Creatures (others)
  4 slaves (D:7)
  An orc wizard (D:7)
  A worker ant (D:7)
  An orc (D:7)
  8 plants (D:11)
15 creatures vanquished.

Grand Total: 353 creatures vanquished

Notes
Turn   | Place    | Note
-------+----------+-------------------------------------------
     0 | D:1      | hawla the Draconian Conjurer began the quest for the Orb.
     0 | D:1      | Reached XP level 1. HP: 14/14 MP: 3/3
   203 | D:1      | Reached XP level 2. HP: 22/22 MP: 3/5
   207 | D:1      | Learned a level 2 spell: Searing Ray
   639 | D:1      | Reached skill level 1 in Fighting
   732 | D:1      | Reached skill level 1 in Throwing
   732 | D:1      | Reached XP level 3. HP: 13/28 MP: 3/6
  1494 | D:2      | Reached XP level 4. HP: 20/36 MP: 1/8
  1702 | D:2      | Reached skill level 2 in Fighting
  2006 | D:2      | Noticed Jessica
  2052 | D:2      | Killed Jessica
  2227 | D:2      | Found an iron altar of Okawaru.
  2469 | D:2      | Reached XP level 5. HP: 42/42 MP: 3/9
  3294 | D:3      | Noticed Terence
  3300 | D:3      | Killed Terence
  3300 | D:3      | Reached skill level 3 in Fighting
  3385 | D:3      | Learned a level 4 spell: Iskenderun's Mystic Blast
  3598 | D:3      | Found a faded altar of an unknown god.
  3786 | D:3      | You fall into a shaft and drop 2 floors!
  3786 | D:5      | Entered Level 5 of the Dungeon
  3841 | D:5      | Noticed a centaur
  3848 | D:5      | Killed a centaur
  3848 | D:5      | Reached skill level 1 in Translocations
  3848 | D:5      | Reached XP level 6. HP: 24/51 MP: 7/12
  4162 | D:5      | Found a hazy altar of Hepliaklqana.
  4622 | D:5      | Noticed Ijyb
  4664 | D:5      | Killed Ijyb
  5182 | D:4      | Your scales start taking on a golden yellow colour.
  5182 | D:4      | Reached XP level 7. HP: 57/57 MP: 7/13
  5182 | D:4      | Gained mutation: You are resistant to acid. (rCorr) [Yellow
                  | Draconian growth]
  5493 | D:4      | Reached skill level 5 in Conjurations
  6002 | D:4      | Reached skill level 4 in Fighting
  6261 | D:4      | Noticed Robin
  6284 | D:4      | Killed Robin
  7450 | D:6      | Reached skill level 5 in Fighting
  7450 | D:6      | Reached XP level 8. HP: 68/68 MP: 6/14
  7568 | D:6      | Reached skill level 5 in Translocations
  7576 | D:6      | Found a staircase to the Ecumenical Temple.
  7775 | D:6      | Reached skill level 6 in Fighting
  8061 | D:6      | Reached skill level 7 in Fighting
  8495 | Temple   | Entered the Ecumenical Temple
  8634 | Temple   | Became a worshipper of Vehumet
  8805 | D:6      | Noticed Blork the orc
  8810 | D:6      | Killed Blork the orc
  9038 | D:6      | Reached skill level 8 in Fighting
  9290 | D:6      | Found Teolusm's Food Boutique.
  9601 | D:7      | Reached skill level 9 in Fighting
  9603 | D:7      | Reached XP level 9. HP: 73/83 MP: 10/15
  9828 | D:7      | Noticed Pikel
  9866 | D:7      | Killed Pikel
  9866 | D:7      | Reached * piety under Vehumet
  9866 | D:7      | Offered knowledge of Shock by Vehumet.
  9866 | D:7      | Reached skill level 10 in Fighting
 10069 | D:7      | Noticed Menkaure
 10070 | D:7      | Killed Menkaure
 10173 | D:7      | Reached skill level 11 in Fighting
 10284 | D:7      | Found a bloodstained altar of Trog.
 10284 | D:7      | Found an ancient bone altar of Kikubaaqudgha.
 10299 | D:7      | Found a bloodstained altar of Trog.
 10671 | D:7      | Reached skill level 12 in Fighting
 10785 | D:8      | Reached skill level 1 in Staves
 10785 | D:8      | Reached skill level 1 in Evocations
 11113 | D:8      | Noticed Psyche
 11122 | D:8      | Killed Psyche
 11122 | D:8      | Reached skill level 5 in Spellcasting
 11292 | D:8      | Reached XP level 10. HP: 55/97 MP: 3/17
 11634 | D:8      | Learned a level 2 spell: Shroud of Golubria
 11855 | D:8      | Found a burning altar of Makhleb.
 11967 | D:8      | Offered knowledge of Freeze by Vehumet.
 11973 | D:8      | Learned a level 1 spell: Freeze
 12039 | D:8      | Found the +8 whip "Snakebite" {curare, rPois}
 12307 | D:8      | Reached ** piety under Vehumet
 12313 | D:8      | Reached skill level 1 in Charms
 12772 | D:9      | Found a flagged portal.
 12792 | Bailey   | Entered a bailey
 13189 | Bailey   | Offered knowledge of Mephitic Cloud by Vehumet.
 13203 | Bailey   | Gained mutation: Your tail ends in a poisonous barb.
                  | [potion of mutation]
 13203 | Bailey   | Gained mutation: Your flesh is cold resistant. (rC+)
                  | [potion of mutation]
 13203 | Bailey   | Gained mutation: Your muscles are strong. (Str +2) [potion
                  | of mutation]
 13571 | Bailey   | Noticed an orc knight
 13602 | Bailey   | Reached skill level 1 in Ice Magic
 14231 | D:9      | Reached *** piety under Vehumet
 14303 | D:9      | Found a shimmering altar of Xom.
 14303 | D:9      | Found a burning altar of Makhleb.
 14673 | D:9      | Offered knowledge of Conjure Flame by Vehumet.
 14825 | D:9      | Identified a scroll of acquirement
 14825 | D:9      | Acquired the +0 pair of boots "Taown" {rC+ MR+ Int+4}
 14843 | D:10     | Entered Level 10 of the Dungeon
 14856 | D:10     | Noticed a two-headed ogre
 14865 | D:10     | Killed a two-headed ogre
 14865 | D:10     | Reached skill level 13 in Fighting
 14866 | D:10     | Found a glowing golden altar of the Shining One.
 14938 | D:10     | Noticed a gargoyle
 14948 | D:10     | Killed a gargoyle
 15251 | D:10     | Noticed a two-headed ogre
 15259 | D:10     | Killed a two-headed ogre
 15259 | D:10     | Reached XP level 11. HP: 108/108 MP: 14/22
 15310 | D:10     | Noticed Erolcha
 15317 | D:10     | Killed Erolcha
 15585 | D:10     | Reached skill level 14 in Fighting
 15702 | D:10     | Noticed Maurice
 15759 | D:10     | Killed Maurice
 16242 | D:11     | Noticed Erica
 16242 | D:11     | Noticed a two-headed ogre
 16247 | D:10     | Reached **** piety under Vehumet
 16587 | D:11     | Noticed Grum
 16596 | D:11     | Killed Grum
 16596 | D:11     | Reached skill level 1 in Maces & Flails
 16678 | D:11     | Found a staircase to the Orcish Mines.
 16678 | D:11     | Noticed an ettin
 16905 | D:11     | Offered knowledge of Ignite Poison by Vehumet.
 16934 | D:11     | Killed a two-headed ogre
 16934 | D:11     | Reached skill level 5 in Dodging
 17008 | D:11     | Noticed a two-headed ogre
 17016 | D:11     | Killed a two-headed ogre
 17111 | D:11     | Killed Erica
 17300 | D:11     | Noticed a white ugly thing
 17307 | D:11     | Noticed a stone giant
 17310 | D:11     | Killed a white ugly thing
 17310 | D:11     | Reached skill level 10 in Spellcasting
 17323 | D:11     | Noticed an ettin
 17346 | D:11     | Killed a stone giant
 17346 | D:11     | Reached XP level 12. HP: 44/117 MP: 17/26
 17350 | D:12     | Noticed Kirke
 17380 | D:12     | HP: 3/117 [hog[Kirke] (3)]
 17380 | D:12     | Mangled by Kirke

Illustrated notes

Levels and vault maps discovered:
D:1:      dpeg_arrival_tiny_f, layout_rooms, minmay_tromino_i4
D:2:      layout_basic, okawaru_ov_weapons_minmay, minivault_4, uniq_jessica
D:3:      layout_basic, chequers_ecumenical_altar_island, nrook_mini_vaults,
          minmay_misc_feat_diagonals, kennysheep_flooded_box, uniq_terence
D:4:      layout_basic, minmay_manual_moon, uniq_robin
D:5:      layout_basic, lemuel_doored_altar, first_ration, serial_corexii_hall,
          chequers_hall_statues_y, chequers_hall_statues_corner_a,
          enter_ossuary_3, uniq_ijyb
D:6:      layout_basic, temple_green, serial_shops, shop, uniq_blork_the_orc
D:7:      layout_rooms, gammafunk_temple_overflow_wave, the_bakery, bloody_trog,
          uniq_pikel, uniq_menkaure
D:8:      layout_loops_cross, makhleb_heckhound_becter, uniq_psyche
D:9:      layout_long_grid, grunt_temple_overflow_champion_of_chaos,
          enter_bailey_3
D:10:     layout_grid_maze, basic_altar, nooodl_food_tri, uniq_erolcha,
          uniq_maurice
D:11:     minmay_the_grid_3x2 [minmay_the_grid_medium_cups,
          minmay_the_grid_armoury, minmay_the_grid_aliased_spiral,
          minmay_the_grid_eight, minmay_the_grid_odd_star,
          minmay_the_grid_prize_diamond_cup], layout_layer_cave,
          david_lair_shrubbed, orc_0_dummy, uniq_erica, uniq_grum, uniq_urug
D:12:     layout_gridville, uniq_snorg, uniq_kirke
Temple:   nicolae_temple_elliptical

Skill      XL: |  1  2  3  4  5  6  7  8  9 10 11 |
---------------+----------------------------------+-----
Stealth        | 2 |  2.0
Dodging        | 2 3 4 6 |  6.0
Fighting       | 1 2 3 5 9 12 13 14 | 14.0
Throwing       | 1 2 |  2.0
Spellcasting   | 3 4 5 7 10 | 10.6
Translocations | 1 3 4 5 |  5.3
Conjurations   | 5 7 8 |  8.9
Staves         | 2 3 |  3.0
Evocations     | 1 2 |  2.0
Charms         | 1 |  1.2
Ice Magic      | 1 |  1.0
Maces & Flails | 2 |  2.1

Action                   |  1- 3 |  4- 6 |  7- 9 | 10-12 || total
-------------------------+-------+-------+-------+-------++-------
Melee: Unarmed           |    73 |     5 |       |    12 ||    90
       Tailslap          |     6 |     3 |    10 |     7 ||    26
       Short sword       |       |     5 |    46 |       ||    51
       Quarterstaff      |       |       |    23 |    10 ||    33
       Whip              |       |       |       |    43 ||    43
Throw: Dart              |       |       |       |     8 ||     8
 Cast: Magic Dart        |    30 |    48 |    99 |    74 ||   251
       Searing Ray       |    15 |    37 |    87 |   100 ||   239
       Iskenderun's Myst |       |       |    13 |    55 ||    68
       Shroud of Golubri |       |       |       |    37 ||    37
 Abil: Breathe Acid      |       |       |       |     1 ||     1
Evoke: Wand              |       |       |       |     1 ||     1
  Use: Potion            |     1 |       |     3 |    12 ||    16
       Scroll            |     4 |     4 |    11 |    13 ||    32
  Eat: Chunk             |     3 |     6 |    15 |    12 ||    36
       Ration            |       |     2 |     2 |     4 ||     8
Armor: Skin              |    28 |    12 |    99 |    65 ||   204
Dodge: Dodged            |    84 |    46 |   122 |   222 ||   474
